 Dungeon Crawl Stone Soup version 0.31-a0-506-g3d79149578 (webtiles) character file.

Game seed: 3259498595493916711

15 GordonOverkill the Sneak (level 2, 0/21 HPs)
             Began as an Octopode Delver on Aug 9, 2023.
             Shot with an arrow by a centaur (6 damage)
             ... on level 6 of the Dungeon.
             The game lasted 00:00:24 (68 turns).

GordonOverkill the Sneak (Octopode Delver)            Turns: 68, Time: 00:00:24

Health: 0/21       AC:  1    Str: 11    XL:     2   Next: 50%
Magic:  3/4        EV: 13    Int: 12    God:
Gold:   16         SH:  0    Dex: 13    Spells: 4/4 levels left

rFire   . . .        a - +0 short sword
rCold   . . .        (no shield)
rNeg    . . .        (helmet restricted)
rPois   .            (no amulet)
rElec   .            (no ring)
rCorr   .            (no ring)
SInv    .            (no ring)
Will    .....        (no ring)
Stlth   ++++         (no ring)
HPRegen 0.23/turn    (no ring)
MPRegen 0.09/turn    (no ring)
                     (no ring)

%: no passive effects
@: no status effects
A: almost no armour, amphibious, 8 rings, camouflage 1, gelatinous body 1,
(nimble swimmer 1), tentacles
a: no special abilities


You were on level 6 of the Dungeon.
You visited 1 branch of the dungeon, and saw 2 of its levels.

You collected 16 gold pieces.

Inventory:

Hand Weapons
 a - a +0 short sword (weapon)
Wands
 f - a wand of digging (3)
Scrolls
 b - a scroll of fog
 c - a scroll of revelation
 d - a scroll of fear
Potions
 e - a potion of haste
 g - a potion of mutation {unknown}


   Skills:
 - Level 3.0 Fighting
 - Level 2.0 Short Blades
 - Level 2.0 Dodging
 - Level 6.6 Stealth
 + Level 1.9 Spellcasting


You had 4 spell levels left.
You didn't know any spells.
Your spell library was empty.

Dungeon Overview and Level Annotations

Branches:
Dungeon (6/15)
 Temple: D:4-7

Altars:
Xom

Annotations:
D:6 1 runed translucent door, Beaer's ghost, novice DsFi


Innate Abilities, Weirdness & Mutations

You cannot wear most types of armour.
You are amphibious.
You can wear up to eight rings at the same time.
Your skin changes colour to match your surroundings (Stealth+).
Your rubbery body absorbs attacks. (AC +1, EV +1)
((You are camouflaged when in or above water. (Stealth+)))
You have tentacles for arms and can constrict up to eight enemies at once.


Message History

Found 16 gold pieces.
There is a stone staircase leading up here.
The helpless ufetubus fails to defend itself.
You impale the ufetubus!!
You kill the ufetubus!
Your Spellcasting skill increases to level 1!
No target in view!
No target in view!
No target in view!
You now have 16 gold pieces.
Found a grey potion.
Magic restored.
g - a grey potion
Found 9 stones.
You see here 9 stones.
A gnoll comes into view. It is wielding a +0 flail.
Found 4 stones.
Found a shimmering altar of Xom.
Found a runed translucent door.
The gnoll closely misses you.
You hit the gnoll. Your grab misses the gnoll. You squeeze the gnoll!
You kill the gnoll!
You have reached level 2!
You start resting.
You hear the slow rusting of a very distant drain.
A gnoll bouda and 2 gnolls come into view.
A gnoll is wielding a +2 heavy spear.
Things that are here:
a +0 flail; a gnoll corpse
Found 22 gold pieces.
Beaer's ghost turns its malevolent gaze towards you.
Found a stone staircase leading down.
A centaur comes into view.
The centaur shouts!
The centaur wields a +0 orcbow.
The centaur shoots an arrow.
The arrow closely misses you.
The centaur shoots an arrow.
The arrow hits you.
The centaur shoots an arrow.
The arrow hits you!
Ouch! That really hurt!
* * * LOW HITPOINT WARNING * * *
The centaur shoots an arrow.
The arrow hits you.
You die...

#.# .# #(# .. #.# #.
#.#### ##.##
#####....# ...##
#........# .c.
#.######## #.# # #.#
#####@##.# #.#
#........# #.#
#.###.#### #.#
#.#.###.# #.#
........######.#
.............#.#####
#.#.###..........).#
# #.....##.###.#
###+####.# .#


You could see a centaur.

Vanquished Creatures
  A gnoll (D:6)
  An ufetubus (D:6)
2 creatures vanquished.

Notes
Turn   | Place    | Note
-------+----------+-------------------------------------------
     0 | D:5      | GordonOverkill the Octopode Delver began the quest for the
                  | Orb.
     0 | D:5      | Reached XP level 1. HP: 16/16 MP: 1/1
    10 | D:6      | Reached skill level 1 in Spellcasting
    49 | D:6      | Found a runed translucent door.
    49 | D:6      | Found a shimmering altar of Xom.
    49 | D:6      | Noticed Beaer's ghost (novice DsFi)
    53 | D:6      | Reached XP level 2. HP: 21/21 MP: 2/4
    59 | D:6      | Noticed a +0 hand axe of chaos
    64 | D:6      | Noticed a centaur
    68 | D:6      | Shot with an arrow by a centaur

Illustrated notes

Levels and vault maps discovered:
D:5:      layout_cave_pods, mainiacjoe_overflow_cross_hatched,
          minmay_temple_entry_grid
D:6:      layout_loops_ring, portal_sewer_entry_d, ebering_ghost_xom,
          kennysheep_generic_room_7, uniq_edmund

Skill      XL: |  1 |
---------------+----+-----
Spellcasting   | 1 |  1.9
Fighting       | |  3.0
Short Blades   | |  2.0
Dodging        | |  2.0
Stealth        | |  6.6

Action                     || total
---------------------------++-------
  Melee: Short sword       ||     2
         Tentacles         ||     1
   Stab: Sleeping          ||     1
  Dodge: Dodged            ||     2

Table legend: (Time is in decaauts)
 A = Elapsed time spent in this place.
 B = Non-inter-level travel time spent in this place.
 C = Inter-level travel time spent in this place.
 D = Time resting spent in this place.
 E = Time spent auto-exploring this place.
 F = Levels seen in this place.
 G = Mean time per level.
                   A        B        C        D        E       F      G
               +--------+--------+--------+--------+--------+-----+--------+
         Total |     67 |     67 |      0 |      0 |      0 |   2 |   33.5 |
       Dungeon |     67 |     67 |      0 |      0 |      0 |   2 |   33.5 |
               +--------+--------+--------+--------+--------+-----+--------+

Top non-repeatable levels by time:
     D:6: 64 daAuts
     D:5: 3 daAuts
